 Dungeon Crawl Stone Soup version 0.30-a0-1163-gf69bf04e7a (webtiles) character file.

Game seed: 15564677648260359722

62 BlasphemerAmon the Grave Robber (level 3, -1/19 HPs)
             Began as a Deep Elf Necromancer on Apr 28, 2023.
             Slain by an orc
             ... wielding a +0 flail
              (5 damage)
             ... on level 3 of the Dungeon.
             The game lasted 00:04:15 (706 turns).

BlasphemerAmon the Grave Robber (DENe)               Turns: 706, Time: 00:04:16

Health: -1/19      AC:  3    Str:  5    XL:     3   Next: 85%
Magic:  4/10       EV: 13    Int: 21    God:
Gold:   48         SH:  0    Dex: 15    Spells: 8/9 levels left

rFire   . . .        h - +0 trident
rCold   . . .        (no shield)
rNeg    . . .        a - +0 robe
rPois   .            k - +0 helmet
rElec   .            (no cloak)
rCorr   .            (no gloves)
SInv    .            (no boots)
Will    .....        (no amulet)
Stlth   ++           (no ring)
HPRegen 0.23/turn    (no ring)
MPRegen 0.12/turn

%: no passive effects
@: no status effects
A: no striking features
a: no special abilities


You were on level 3 of the Dungeon.
You visited 1 branch of the dungeon, and saw 3 of its levels.

You collected 48 gold pieces.

Inventory:

Hand Weapons
 e - a +0 short sword
 h - a +0 trident (weapon)
Armour
 a - a +0 robe (worn)
 k - a +0 helmet (worn)
Scrolls
 d - a scroll of poison {unknown}
 g - a scroll of silence {unknown}
 j - 2 scrolls of identify {unknown}
Potions
 c - a potion of invisibility {unknown}
 f - 2 potions of degeneration {unknown}
 i - a potion of cancellation {unknown}
 l - a potion of curing {unknown}


   Skills:
 + Level 0.5 Polearms
 + Level 3.2 Dodging
 + Level 3.3 Stealth
 + Level 3.7 Spellcasting
 + Level 5.3 Necromancy


You had 8 spell levels left.
You knew the following spells:

 Your Spells              Type           Power      Damage    Failure   Level
a - Necrotise             Necr           100%       1d9       1%          1

Your spell library contained the following spells:

 Spells                   Type           Power      Damage    Failure   Level
 Vampiric Draining        Necr           26%        2d7       4%          3
 Animate Dead             Necr           26%        N/A       14%         4
 Agony                    Necr           26%        N/A       36%         5


Dungeon Overview and Level Annotations

Branches:
Dungeon (3/15)

Altars:


Message History

You kill the orc!
The dead are walking!
An orc comes into view. It is wielding a +0 hand axe.
An orc comes into view. It is wielding a +0 flail.
The orc hits your orc skeleton with a +0 hand axe.
Aiming: Necrotise (safe; 1% risk of failure)
Press: ? - help, Q - select action Shift-Dir - straight line, f - orc
Aim: an orc, wielding a +0 flail (ally target, chance to affect: 93%)
The orc writhes in agony.
The orc hits your orc skeleton with a +0 short sword.
Your orc skeleton is destroyed!
Aiming: Necrotise (safe; 1% risk of failure)
Press: ? - help, Q - select action Shift-Dir - straight line, f/p - orc
Aim: an orc, wielding a +0 flail (lightly wounded, ally target, chance to affect: 93%)
The orc barely resists.
The orc closely misses you.
Your orc skeleton barely misses the orc.
The orc completely misses you.
Aiming: Necrotise (safe; 1% risk of failure)
Press: ? - help, Q - select action Shift-Dir - straight line, p - orc The orc writhes in agony.
The orc completely misses you. The orc closely misses you.
Your orc skeleton hits the orc.
Unknown command.
Aiming: Necrotise (safe; 1% risk of failure)
Press: ? - help, Q - select action Shift-Dir - straight line The orc writhes in agony.
The orc barely misses you. x2; Your orc skeleton hits the orc.
Unknown command.
Aiming: Necrotise (safe; 1% risk of failure)
Press: ? - help, Q - select action Shift-Dir - straight line The orc writhes in agony.
You kill the orc!
The dead are walking!
The orc barely misses you.
Your orc skeleton hits the orc.
Aiming: Necrotise (safe; 1% risk of failure)
Press: ? - help, Q - select action Shift-Dir - straight line The orc writhes in agony.
The orc hits you with a +0 flail.
You die...

..# ####.### ###......##### ..
#### #......#.#...# .. ..#
#...#...<#...# #.###.#
...#.##.#...# ..#.....######
.ZZ.##.#...#
.........[...###o####.....#####
[....)....†.o)oo@# ###........
............o##########....####
........................>#.#
#......###.......#######[#.#
#.##.#####.......# ...# #
.........(.....# .###
!.....##........# .# .###
#..........# .# #.#####.#### .#


You could see 5 orcs and 2 friendly orc skeletons.

Vanquished Creatures
  An iguana (D:3)
  5 orcs (D:3)
  4 ball pythons
  2 bats
  3 endoplasms (D:2)
  2 goblins
  A hobgoblin (D:1)
  2 jackals (D:1)
  2 frilled lizards
  2 rats
24 creatures vanquished.

Vanquished Creatures (collateral kills)
  A goblin (D:2)
  A hobgoblin (D:3)
2 creatures vanquished.

Grand Total: 26 creatures vanquished

Notes
Turn   | Place    | Note
-------+----------+-------------------------------------------
     0 | D:1      | BlasphemerAmon the Deep Elf Necromancer began the quest for
                  | the Orb.
     0 | D:1      | Reached XP level 1. HP: 10/10 MP: 6/6
   237 | D:1      | Reached skill level 5 in Necromancy
   237 | D:1      | Reached XP level 2. HP: 13/15 MP: 8/8
   682 | D:3      | Reached XP level 3. HP: 19/19 MP: 0/10
   706 | D:3      | Slain by an orc

Illustrated notes

Levels and vault maps discovered:
D:1:      kennysheep_arrival_forest, layout_loops_cross, dk_noncrumbling_4
D:2:      layout_loops_ring
D:3:      layout_basic

Skill      XL: |  1  2 |
---------------+-------+-----
Necromancy     | 5 |  5.3
Stealth        | 3 |  3.3
Dodging        | 3 |  3.2
Polearms       | |  0.5
Spellcasting   | |  3.7

Action                     || total
---------------------------++-------
  Melee: Short sword       ||     9
         Trident           ||    17
   Cast: Necrotise         ||    38
    Use: Potion            ||     1
 Armour: Robe              ||     9
  Dodge: Dodged            ||    38

Table legend: (Time is in decaauts)
 A = Elapsed time spent in this place.
 B = Non-inter-level travel time spent in this place.
 C = Inter-level travel time spent in this place.
 D = Time resting spent in this place.
 E = Time spent auto-exploring this place.
 F = Levels seen in this place.
 G = Mean time per level.
                   A        B        C        D        E       F      G
               +--------+--------+--------+--------+--------+-----+--------+
         Total |    709 |    697 |     12 |     25 |     14 |   3 |  236.3 |
       Dungeon |    709 |    697 |     12 |     25 |     14 |   3 |  236.3 |
               +--------+--------+--------+--------+--------+-----+--------+

Top non-repeatable levels by time:
     D:1: 373 daAuts
     D:2: 253 daAuts
     D:3: 82 daAuts
